MID
CHARLESTON RIVERDOGS @ WEST MICHIGAN WHITECAPS
07/14/2049
 
TOP OF THE 1ST
Charleston RiverDogs batting - Pitching for West Michigan Whitecaps : RHP Luke Totzke
Pitching: RHP Luke Totzke
Batting: LHB Ernesto Abreu 0-0: Swinging Strike
0-1: Swinging Strike
0-2: Strikes out swinging
Batting: LHB Joe Vida 0-0: Ball
1-0: Called Strike
1-1: Foul Ball, location: 2F
1-2: Strikes out swinging
Batting: LHB Jeremiah Walker 0-0: Fly out, F8 (Flyball, 8RM, EV 95.6 MPH)
Top of the 1st over - 0 runs, 0 hits, 0 errors, 0 left on base; Charleston 0 - West Michigan 0
BOTTOM OF THE 1ST
West Michigan Whitecaps batting - Pitching for Charleston RiverDogs : LHP Jessie Neal
Pitching: LHP Jessie Neal
Batting: LHB Timotheus Young 0-0: Called Strike
0-1: Ball
1-1: Ball
2-1: Ball
3-1: Base on Balls
Batting: RHB Yankel Pensak 0-0: Ball
1-0: Ball
2-0: Foul Ball, location: 2F
2-1: Called Strike
Timotheus Young steals 2nd base (no throw)
2-2: Ball
3-2: Ground out 5-3 (Groundball, 56, EV 103.8 MPH)
Batting: RHB Aaron Cusick 0-0: Ground out 5-3 (Groundball, 56S, EV 83.1 MPH)
Batting: RHB Jaden Warrior 0-0: Ball
1-0: Swinging Strike
1-1: Ball
2-1: Foul Ball, location: 2F
2-2: Foul Ball, location: 2F
2-2: Ball
3-2: Base on Balls
Batting: LHB George Moran 0-0: Swinging Strike
0-1: Fly out, F7 (Flyball, 78D, EV 90.6 MPH)
Bottom of the 1st over - 0 runs, 0 hits, 0 errors, 2 left on base; Charleston 0 - West Michigan 0
TOP OF THE 2ND
Charleston RiverDogs batting - Pitching for West Michigan Whitecaps : RHP Luke Totzke
Batting: RHB Iften Olujimi 0-0: Swinging Strike
0-1: Ball
1-1: Ball
2-1: Fly out, F8 (Flyball, 89XD, EV 93.1 MPH)
Batting: LHB Marc Durgin 0-0: Foul Ball, location: 2F
0-1: Ball
1-1: Swinging Strike
1-2: Ground out 1-3 (Groundball, 34S, EV 69.4 MPH)
Batting: LHB Andrew Davis 0-0: Called Strike
0-1: Foul Ball, location: 2F
0-2: Ball
1-2: Ball
2-2: Strikes out swinging
Top of the 2nd over - 0 runs, 0 hits, 0 errors, 0 left on base; Charleston 0 - West Michigan 0
BOTTOM OF THE 2ND
West Michigan Whitecaps batting - Pitching for Charleston RiverDogs : LHP Jessie Neal
Batting: SHB Sean Foley 0-0: Called Strike
0-1: Ball
1-1: Called Strike
1-2: Strikes out swinging
Batting: RHB Juan Acero 0-0: Ball
1-0: Ball
2-0: Ball
3-0: Called Strike
3-1: Base on Balls
Batting: RHB Jeremiah Washington 0-0: Swinging Strike
0-1: Fielders Choice at 2nd, 1-6 (Groundball, 34S, EV 61.9 MPH)
Batting: SHB Ian Arlotta 0-0: Ball
1-0: Ball
2-0: Ball
3-0: Called Strike
3-1: Base on Balls
Jeremiah Washington to second
Batting: LHB Timotheus Young 0-0: Ball
1-0: Foul Ball, location: 2F
1-1: Ball
2-1: Swinging Strike
2-2: Ball
3-2: Strikes out looking
Bottom of the 2nd over - 0 runs, 0 hits, 0 errors, 2 left on base; Charleston 0 - West Michigan 0
TOP OF THE 3RD
Charleston RiverDogs batting - Pitching for West Michigan Whitecaps : RHP Luke Totzke
Batting: RHB Michael Patterson 0-0: Foul Ball, location: 2F
0-1: Ball
1-1: Foul Ball, location: 2F
1-2: SOLO HOME RUN (Flyball, 7D, EV 102.5 MPH), Distance : 403 ft
Batting: RHB Bryan Massey 0-0: Called Strike
0-1: Called Strike
0-2: Ball
1-2: Foul Ball, location: 2F
1-2: Strikes out swinging
Batting: RHB Louwe Starmans 0-0: Ball
1-0: Foul Ball, location: 2F
1-1: Called Strike
1-2: Strikes out swinging
Batting: LHB Ernesto Abreu 0-0: Ball
1-0: Ball
2-0: Called Strike
2-1: Foul Ball, location: 2F
2-2: Ground out 5-3 (Groundball, 56S, EV 90.0 MPH)
Top of the 3rd over - 1 run, 1 hit, 0 errors, 0 left on base; Charleston 1 - West Michigan 0
BOTTOM OF THE 3RD
West Michigan Whitecaps batting - Pitching for Charleston RiverDogs : LHP Jessie Neal
Batting: RHB Yankel Pensak 0-0: Foul Ball, location: 2F
0-1: Ball
1-1: DOUBLE (Groundball, 5L, EV 101.2 MPH)
Batting: RHB Aaron Cusick 0-0: Fly out, F8 (Line Drive, 8LM, EV 90.6 MPH)
Batting: RHB Jaden Warrior 0-0: Ball
1-0: SINGLE (Groundball, 3D, EV 100.6 MPH)
Yankel Pensak to third
Runner from 3rd tries for Home, SAFE, throw by RF to home
Batting: LHB George Moran 0-0: Called Strike
0-1: Foul Ball, location: 2F
0-2: Ball
1-2: Ball
2-2: Ball
Passed Ball!
Jaden Warrior to second
3-2: Strikes out looking
Batting: SHB Sean Foley 0-0: Ball
1-0: Ground out U3 (Groundball, 3, EV 109.4 MPH)
Bottom of the 3rd over - 1 run, 2 hits, 0 errors, 1 left on base; Charleston 1 - West Michigan 1
TOP OF THE 4TH
Charleston RiverDogs batting - Pitching for West Michigan Whitecaps : RHP Luke Totzke
Batting: LHB Joe Vida 0-0: Called Strike
0-1: Ball
1-1: Ball
2-1: Called Strike
2-2: Ball
3-2: Strikes out looking
Batting: LHB Jeremiah Walker 0-0: Called Strike
0-1: Called Strike
0-2: Foul Ball, location: 2F
0-2: Ball
1-2: Ball
2-2: Strikes out swinging
Batting: RHB Iften Olujimi 0-0: Ball
1-0: Ball
2-0: Called Strike
2-1: Ball
3-1: Base on Balls
Batting: LHB Marc Durgin 0-0: Ball
1-0: Swinging Strike
1-1: Foul Ball, location: 2F
1-2: Ball
Iften Olujimi steals 2nd base
2-2: Ground out 4-3 (Groundball, 4M, EV 91.9 MPH)
Top of the 4th over - 0 runs, 0 hits, 0 errors, 1 left on base; Charleston 1 - West Michigan 1
BOTTOM OF THE 4TH
West Michigan Whitecaps batting - Pitching for Charleston RiverDogs : LHP Jessie Neal
Batting: RHB Juan Acero 0-0: Called Strike
0-1: Ball
1-1: Ball
2-1: Ball
3-1: DOUBLE (Line Drive, 7LD, EV 107.5 MPH)
Batting: RHB Jeremiah Washington 0-0: Foul Ball, location: 2F
0-1: Foul Ball, location: 2F
0-2: Ball
1-2: Foul Ball, location: 2F
1-2: Ball
2-2: Ball
3-2: SINGLE (Groundball, 5D, EV 103.8 MPH)
Juan Acero to third
Batting: SHB Ian Arlotta 0-0: Fielders Choice at 2nd, 5-4 (Groundball, 56, EV 111.9 MPH)
Juan Acero scores
Batting: LHB Timotheus Young 0-0: Called Strike
0-1: Ball
Ian Arlotta steals 2nd base
1-1: Ball
2-1: Ground out 6-3 (Groundball, 6S, EV 86.9 MPH)
Ian Arlotta to third
Batting: RHB Yankel Pensak 0-0: Ball
1-0: Foul Ball, location: 2F
1-1: Ball
2-1: Swinging Strike
2-2: Ball
3-2: Strikes out swinging
Bottom of the 4th over - 1 run, 2 hits, 0 errors, 1 left on base; Charleston 1 - West Michigan 2
TOP OF THE 5TH
Charleston RiverDogs batting - Pitching for West Michigan Whitecaps : RHP Luke Totzke
Batting: LHB Andrew Davis 0-0: Foul Ball, location: 2F
0-1: Called Strike
0-2: Strikes out swinging
Batting: RHB Michael Patterson 0-0: Ball
1-0: Ball
2-0: Swinging Strike
2-1: Swinging Strike
2-2: Ball
3-2: Strikes out swinging
Batting: RHB Bryan Massey 0-0: Foul Ball, location: 2F
0-1: Ball
1-1: Ball
2-1: Ground out 5-3 (Groundball, 5, EV 98.1 MPH)
Top of the 5th over - 0 runs, 0 hits, 0 errors, 0 left on base; Charleston 1 - West Michigan 2
BOTTOM OF THE 5TH
West Michigan Whitecaps batting - Pitching for Charleston RiverDogs : LHP Jessie Neal
Pitching: RHP Austin Trzcinski
Batting: RHB Aaron Cusick 0-0: Called Strike
0-1: Ball
1-1: Swinging Strike
1-2: Strikes out swinging, 2-3 out at first.
Batting: RHB Jaden Warrior 0-0: Ball
1-0: Called Strike
1-1: Fly out, F9 (Flyball, 89S, EV 87.5 MPH)
Batting: LHB George Moran 0-0: Ball
1-0: DOUBLE (Line Drive, 8RXD, EV 108.8 MPH)
Batting: SHB Sean Foley 0-0: Ground out 6-3 (Groundball, 6, EV 88.1 MPH)
Bottom of the 5th over - 0 runs, 1 hit, 0 errors, 1 left on base; Charleston 1 - West Michigan 2
TOP OF THE 6TH
Charleston RiverDogs batting - Pitching for West Michigan Whitecaps : RHP Luke Totzke
Batting: RHB Louwe Starmans 0-0: Called Strike
0-1: Swinging Strike
0-2: Hit by Pitch
Batting: LHB Ernesto Abreu 0-0: Ball
1-0: Swinging Strike
1-1: Foul Ball, location: 2F
1-2: Ball
2-2: Foul Ball, location: 2F
2-2: Foul Ball, location: 2F
2-2: Grounds into double play, 5-4-3 (Groundball, 5, EV 106.2 MPH)
Batting: LHB Joe Vida 0-0: Swinging Strike
0-1: Ball
1-1: Fly out, F7 (Flyball, 78S, EV 89.4 MPH)
Top of the 6th over - 0 runs, 0 hits, 0 errors, 0 left on base; Charleston 1 - West Michigan 2
BOTTOM OF THE 6TH
West Michigan Whitecaps batting - Pitching for Charleston RiverDogs : RHP Austin Trzcinski
Batting: RHB Juan Acero 0-0: Called Strike
0-1: Fly out, F8 (Flyball, 8RS, EV 84.4 MPH)
Batting: RHB Jeremiah Washington 0-0: Called Strike
0-1: Ball
1-1: Ball
2-1: Fly out, F8 (Flyball, 89D, EV 104.4 MPH)
Batting: SHB Ian Arlotta 0-0: Swinging Strike
0-1: Ball
1-1: Swinging Strike
1-2: Foul Ball, location: 2F
1-2: Strikes out swinging
Bottom of the 6th over - 0 runs, 0 hits, 0 errors, 0 left on base; Charleston 1 - West Michigan 2
TOP OF THE 7TH
Charleston RiverDogs batting - Pitching for West Michigan Whitecaps : RHP Luke Totzke
Batting: LHB Jeremiah Walker 0-0: Fly out, F8 (Line Drive, 8RM, EV 91.9 MPH)
Batting: RHB Iften Olujimi 0-0: Foul Ball, location: 2F
0-1: Ball
1-1: Called Strike
1-2: Foul Ball, location: 2F
1-2: Foul Ball, location: 2F
1-2: Strikes out swinging
Batting: LHB Marc Durgin 0-0: Ball
1-0: Swinging Strike
1-1: Ball
2-1: Swinging Strike
2-2: Fly out, F9 (Line Drive, 9, EV 99.4 MPH)
Top of the 7th over - 0 runs, 0 hits, 0 errors, 0 left on base; Charleston 1 - West Michigan 2
BOTTOM OF THE 7TH
West Michigan Whitecaps batting - Pitching for Charleston RiverDogs : RHP Austin Trzcinski
Batting: LHB Timotheus Young 0-0: SINGLE (Line Drive, 78S, EV 105.0 MPH)
Batting: RHB Yankel Pensak 0-0: Ball
Timotheus Young steals 2nd base (no throw)
1-0: Ball
2-0: Ball
3-0: Called Strike
3-1: Called Strike
3-2: Foul Ball, location: 2F
3-2: Base on Balls
Batting: RHB Aaron Cusick 0-0: Ball
1-0: Foul Ball, location: 2F
1-1: Ball
Timotheus Young steals 3rd base (no throw)
Yankel Pensak to second
2-1: Foul Ball, location: 2F
2-2: Ground out 5-3 (Groundball, 5, EV 75.6 MPH)
Batting: RHB Jaden Warrior 0-0: Called Strike
0-1: Ball
1-1: Called Strike
1-2: Ball
2-2: Foul Ball, location: 2F
2-2: Reached on error, E4 (Groundball, 34S, EV 85.0 MPH)
Timotheus Young scores
Yankel Pensak to third
Batting: LHB George Moran 0-0: Ball
1-0: Ball
2-0: Called Strike
2-1: Swinging Strike
2-2: Foul Ball, location: 2F
2-2: Foul Ball, location: 2F
2-2: Fly out, F4 (Popup, 4S, EV 73.1 MPH)
Batting: SHB Sean Foley 0-0: Ball
1-0: Ball
2-0: Called Strike
2-1: DOUBLE (Line Drive, 9LS, EV 100.6 MPH)
Yankel Pensak scores
Jaden Warrior to third
Runner from 3rd tries for Home, SAFE, no throw by RF
Pitching: RHP Michel van Kampen
Batting: RHB Juan Acero 0-0: Foul Ball, location: 2F
0-1: Ball
1-1: Ball
2-1: Ball
3-1: Foul Ball, location: 2F
3-2: Base on Balls
Batting: RHB Jeremiah Washington 0-0: Ball
1-0: Swinging Strike
1-1: SINGLE (Groundball, P, EV 88.1 MPH) (infield hit)
Sean Foley to third
Juan Acero to second
Batting: SHB Ian Arlotta 0-0: Ball
1-0: Ball
2-0: Ground out 1-3 (Groundball, 13, EV 68.1 MPH)
Bottom of the 7th over - 3 runs, 3 hits, 1 error, 3 left on base; Charleston 1 - West Michigan 5
TOP OF THE 8TH
Charleston RiverDogs batting - Pitching for West Michigan Whitecaps : RHP Luke Totzke
Pitching: RHP Juan Cornejo
Batting: LHB Andrew Davis 0-0: Ball
1-0: Ground out 1-3 (Groundball, 23, EV 73.8 MPH)
Batting: RHB Michael Patterson 0-0: Foul Ball, location: 2F
0-1: Ground out 6-3 (Groundball, 6, EV 106.2 MPH)
Batting: RHB Bryan Massey 0-0: Called Strike
0-1: Ground out 5-3 (Groundball, 56D, EV 85.6 MPH)
Top of the 8th over - 0 runs, 0 hits, 0 errors, 0 left on base; Charleston 1 - West Michigan 5
BOTTOM OF THE 8TH
West Michigan Whitecaps batting - Pitching for Charleston RiverDogs : RHP Michel van Kampen
Batting: LHB Timotheus Young 0-0: Called Strike
0-1: Ball
1-1: Ball
2-1: Called Strike
2-2: Ball
3-2: Strikes out swinging passed ball, reaches first!
Batting: RHB Yankel Pensak 0-0: Sac Bunt to 13S - play at first, batter OUT! 1-3
Timotheus Young to second
Batting: RHB Aaron Cusick 0-0: Ball
1-0: Called Strike
1-1: Called Strike
1-2: Foul Ball, location: 2F
1-2: Ground out 6-3 (Groundball, 56D, EV 96.9 MPH)
Batting: RHB Jaden Warrior 0-0: Ball
1-0: Foul Ball, location: 2F
1-1: Foul Ball, location: 2F
1-2: Ball
2-2: Strikes out swinging
Bottom of the 8th over - 0 runs, 0 hits, 0 errors, 1 left on base; Charleston 1 - West Michigan 5
TOP OF THE 9TH
Charleston RiverDogs batting - Pitching for West Michigan Whitecaps : RHP Juan Cornejo
Batting: RHB Louwe Starmans 0-0: Ball
1-0: Foul Ball, location: 2F
1-1: Called Strike
1-2: Foul Ball, location: 2F
1-2: Ball
2-2: Fly out, F9 (Flyball, 89S, EV 86.2 MPH)
Batting: LHB Ernesto Abreu 0-0: Ground out 4-3 (Groundball, 4, EV 84.4 MPH)
Batting: LHB Joe Vida 0-0: Called Strike
0-1: SINGLE (Groundball, 56D, EV 101.2 MPH)
Batting: LHB Jeremiah Walker 0-0: Ball
1-0: Foul Ball, location: 2F
1-1: Foul Ball, location: 2F
1-2: Ball
2-2: Strikes out swinging
Top of the 9th over - 0 runs, 1 hit, 0 errors, 1 left on base; Charleston 1 - West Michigan 5
Sunday, July 16th , 2023 - OOTP Baseball 24.6 Build 69